 Dungeon Crawl Stone Soup version 0.28.0-1-gb440e238dd (webtiles) character file.

Game seed: 14369277867492118408

6241 mortz the Destroyer (level 11, -3/75 HPs)
             Began as a Human Conjurer on Feb 25, 2022.
             Was a Follower of Vehumet.
             Slain by a vampire (4 damage)
             ... on level 10 of the Dungeon.
             The game lasted 01:22:02 (14315 turns).

mortz the Destroyer (Human Conjurer)               Turns: 14315, Time: 01:22:04

Health: -3/75      AC: 11    Str:  8    XL:     11   Next: 15%
Magic:  16/23      EV: 12    Int: 30    God:    Vehumet [*.....]
Gold:   253        SH:  5    Dex: 12    Spells: 13/26 levels left

rFire   . . .      SeeInvis .   e - +1 short sword (holy) {short}
rCold   . . .      Faith    .   (no shield)
rNeg    . . .      Spirit   .   k - +1 leather armour of the Hurricane {rCorr Int+4}
rPois   +          Reflect  +   T - +2 helmet
rElec   .          Harm     .   (no cloak)
rCorr   +          Rampage  .   (no gloves)
Will    .....                   (no boots)
Stlth   ++........              M - amulet of reflection
HPRegen 0.22/turn               y - +4 ring of protection
MPRegen 0.18/turn               S - ring of Pewnerrib {rPois Int+4}

@: no status effects
A: no striking features
a: Renounce Religion


You were on level 10 of the Dungeon.
You worshipped Vehumet.
Vehumet was aware of your devotion.
You visited 2 branches of the dungeon, and saw 11 of its levels.

You collected 642 gold pieces.
You spent 389 gold pieces at shops.


   Skills:
 + Level 3.6 Fighting
 - Level 4.1(4.7) Short Blades
 - Level 3.2(4.2) Long Blades
 + Level 4.3 Armour
 + Level 4.6 Dodging
 + Level 4.8 Stealth
 + Level 2.9 Shields
 + Level 8.3 Spellcasting
 + Level 9.4 Conjurations


You had 13 spell levels left.
You knew the following spells:

 Your Spells              Type           Power      Damage    Failure   Level
a - Magic Dart            Conj           100%       1d8       1%          1
b - Searing Ray           Conj           100%       2d8       1%          2
c - Dazzling Flash        Conj/Hex       80%        N/A       2%          3
d - Iskenderun's Mystic   Conj/Tloc      40%        2d9       9%          4
e - Mephitic Cloud        Conj/Pois/Air  31%        N/A       4%          3

Your spell library contained the following spells:

 Spells                   Type           Power      Damage    Failure   Level
 Sandblast                Erth           24%        2d8       6%          1
 Call Imp                 Summ           12%        N/A       9%          2
 Fulminant Prism          Conj/Hex       20%        3d13      9%          4
 Portal Projectile        Hex/Tloc       24%        N/A       17%         3
 Blade Hands              Tmut           6%         N/A       85%         5
 Excruciating Wounds      Necr           6%         N/A       85%         5

Inventory:

Hand Weapons
 e - a +1 short sword of holy wrath (weapon) {short}
   (You took it off a kobold on level 2 of the Dungeon)
 q - a +1 dagger of venom {short}
   (You took it off a goblin on level 2 of the Dungeon)
 A - a +0 trident {polearm}
   (You took it off an orc on level 4 of the Dungeon)
 C - a +2 whip of flaming {mace}
   (You took it off Pikel on level 4 of the Dungeon)
 F - a +0 flail of protection {mace}
   (You took it off an orc on level 4 of the Dungeon)
 G - a +2 falchion of electrocution {long}
   (You took it off an orc on level 5 of the Dungeon)
 I - a +1 hand axe of electrocution {axe}
   (You took it off an orc on level 5 of the Dungeon)
 L - a +4 dagger {short}
   (You took it off an orc wizard on level 6 of the Dungeon)
Missiles
 d - 15 poisoned darts {throwing}
 K - a throwing net {=f!fthrowing}
Armour
 k - the +1 leather armour of the Hurricane (worn) {rCorr Int+4}
   (You found it on level 9 of the Dungeon)

   Int:       It affects your intelligence (+4).
   rCorr:     It protects you from acid and corrosion.
 T - a +2 helmet (worn)
   (You found it on level 7 of the Dungeon)
 V - +0 steam dragon scales
   (You took it off Maggie on level 7 of the Dungeon)
Magical Staves
 l - a staff of death {!astaff}
   (You found it on level 1 of the Dungeon)
Jewellery
 y - a +4 ring of protection (left hand)
   (You found it on level 4 of the Dungeon)
 M - an amulet of reflection (around neck)
   (You took it off an orc wizard on level 6 of the Dungeon)
 S - the ring of Pewnerrib (right hand) {rPois Int+4}
   (You bought it in a shop on level 5 of the Dungeon)

   [ring of poison resistance]

   Int:       It affects your intelligence (+4).
   rPois:     It protects you from poison.
Wands
 n - a wand of iceblast (14)
   (You found it on level 5 of the Dungeon)
 t - a wand of flame (50)
   (You found it on level 3 of the Dungeon)
 E - a wand of mindburst (18)
   (You found it on level 4 of the Dungeon)
 O - a wand of polymorph (4)
   (You took it off a gnoll on level 7 of the Dungeon)
Scrolls
 a - a scroll of fog {unknown}
 b - a scroll of summoning {unknown}
 c - 3 scrolls of immolation {unknown}
 i - 3 scrolls of vulnerability {!r!r}
 m - 2 scrolls of enchant armour {unknown}
 r - a scroll of teleportation {unknown}
 v - 2 scrolls of amnesia {unknown}
 D - a scroll of magic mapping {unknown}
 P - 3 scrolls of blinking {unknown}
 Q - a scroll of fear {unknown}
Potions
 f - 2 potions of cancellation
 g - 2 potions of attraction {!q}
 h - a potion of flight {unknown}
 j - a potion of might {unknown}
 o - 2 potions of haste {unknown}
 u - 3 potions of curing {@q1}
 x - 3 potions of berserk rage {!q}
 z - 2 potions of mutation {unknown}
 B - 2 potions of degeneration {unknown}

Dungeon Overview and Level Annotations

Branches:
Dungeon (10/15)            Temple (1/1) D:6            Lair (0/6) D:9
    Orc: D:9-12

Altars:
Gozag
Kikubaaqudgha
Vehumet
Xom

Shops:
D:5

= ......#
.....# ....
##.# ##..#
#..## #.##
#######.####
#.....@{...#
#..........#
#..........#
#..........#
#..........#
#............
#..........###
#..........#
#..........#


There were no monsters in sight!


Message History

The vampire bites you.
The vampire draws strength from your injuries! 😕 HP[-4]
You take 4 damage, and now have 67/75 hp.
You hit the vampire but do no damage. You hit the vampire but do no damage.
You block the vampire's attack. The vampire misses you.
You hit the vampire but do no damage. The vampire completely misses you.
The vampire bites you but does no damage. 😕 MP[+1]
You barely miss the vampire.
The vampire hits you but does no damage.
You block the vampire's attack. 😕 HP[+1]
You hit the vampire.
The vampire convulses.
The vampire hits you but does no damage.
The vampire barely misses you.
You closely miss the vampire. The vampire misses you. The vampire bites you.
The vampire draws strength from your injuries! 😕 HP[-1]
You take 1 damage, and now have 67/75 hp.
You barely miss the vampire. You hit the vampire but do no damage.
The vampire hits you. The vampire bites you.
The vampire draws strength from your injuries! 😕 HP[-6]
You take 6 damage, and now have 61/75 hp.
You hit the vampire but do no damage. The vampire hits you.
The vampire barely misses you. 😕 HP[-2]
You take 2 damage, and now have 59/75 hp.
You hit the vampire.
The vampire convulses.
You block the vampire's attack. The vampire bites you.
The vampire draws strength from your injuries! 😮 HP[-5] MP[+1]
You take 5 damage, and now have 54/75 hp.
Your mp is fully restored (23).
You closely miss the vampire. The vampire completely misses you.
The vampire bites you but does no damage.
You barely miss the vampire. The vampire hits you!
The vampire closely misses you. 😮 HP[-8]
You take 8 damage, and now have 46/75 hp.
You hit the vampire but do no damage.
The vampire points at you and mumbles some strange words.
You resist with some effort.
Casting: Searing Ray (safe; 1% risk of failure)
Confirm with . or Enter, or press ? or * to list all spells.
Aiming: Searing Ray (safe; 1% risk of failure)
Press: ? - help, Shift-Dir - straight line, f/p - vampire
Aim: a vampire, wearing a +0 leather armour (moderately damaged, 83% to hit)
The searing ray hits the vampire. (Press . to maintain the ray.)
The vampire hits you but does no damage.
The vampire bites you but does no damage. 😮 HP[+1] MP[-2]
You lost 2 mp, and now have 21/23 mp.
The searing ray hits the vampire!
The vampire draws life force from you!
* * * LOW HITPOINT WARNING * * *
The vampire is healed by the life force! 😨 HP[-12] MP[-1]
You take 12 damage, and now have 35/75 hp.
You lost 1 mp, and now have 20/23 mp.
The searing ray hits the vampire!
The vampire casts a spell at you. You resist with some effort. 😨 MP[-1]
You lost 1 mp, and now have 19/23 mp.
The searing ray hits the vampire but does no damage.
You finish channelling your searing ray.
The vampire casts a spell.
The vampire flickers and vanishes!
Deactivating autopickup; reactivate with Ctrl-A. 😨 MP[-1]
You lost 1 mp, and now have 18/23 mp.
Something hits you.
* * * LOW HITPOINT WARNING * * *
Something bites you!
* * * LOW HITPOINT WARNING * * *
Something draws strength from your injuries! 😨 HP[-13] MP[+1]
You take 13 damage, and now have 22/75 hp.
Casting: Searing Ray (safe; 1% risk of failure)
Confirm with . or Enter, or press ? or * to list all spells.
Aiming: Searing Ray (safe; 1% risk of failure)
Press: ? - help, Shift-Dir - straight line The searing ray hits something! (Press . to maintain the ray.)
Something draws life force from you!
* * * LOW HITPOINT WARNING * * *
😱 HP[-9] MP[-2]
You take 9 damage, and now have 13/75 hp.
You lost 2 mp, and now have 17/23 mp.
The searing ray hits something!
Something draws life force from you!
* * * LOW HITPOINT WARNING * * *
😱 HP[-12] MP[-1]
You take 12 damage, and now have 1/75 hp.
You lost 1 mp, and now have 16/23 mp.
Something hits you but does no damage. Something bites you.
You die...

Skill      XL: |  1  2  3  4  5  6  7  8  9 10 |
---------------+-------------------------------+-----
Short Blades   | 1 2 3 4 |  4.1
Conjurations   | 5 6 7 8 9 |  9.4
Fighting       | 1 2 3 |  3.6
Spellcasting   | 3 4 5 6 8 |  8.3
Stealth        | 3 4 |  4.8
Armour         | 1 2 3 4 |  4.3
Dodging        | 3 4 |  4.6
Long Blades    | 1 3 |  3.2
Shields        | 2 |  2.9

Action                   |  1- 3 |  4- 6 |  7- 9 | 10-12 || total
-------------------------+-------+-------+-------+-------++-------
Melee: Unarmed           |    15 |       |       |       ||    15
       Dagger            |     9 |    27 |     9 |       ||    45
       Punch             |       |     1 |     2 |       ||     3
       Hand axe          |       |       |     3 |       ||     3
       Falchion          |       |       |    18 |     7 ||    25
       Short sword       |       |       |       |    15 ||    15
 Cast: Magic Dart        |    52 |    42 |   101 |    63 ||   258
       Searing Ray       |     5 |    18 |    63 |    62 ||   148
  Use: Scroll            |       |       |       |     5 ||     5
Armor: Robe              |     6 |     7 |       |       ||    13
       Leather armour    |       |     5 |    44 |    35 ||    84
       Steam dragon scal |       |       |       |    12 ||    12
Dodge: Dodged            |    16 |    25 |    88 |    70 ||   199
Block: Other             |       |       |    16 |    27 ||    43
       Reflection        |       |       |     7 |     2 ||     9

Levels and vault maps discovered:
D:1:      dpeg_arrival_rhombi, layout_loops_ring,
          hellmonk_ecumenical_altar_lost_god
D:2:      layout_loops_ring, basic_altar, kennysheep_generic_room_6
D:3:      layout_rooms
D:4:      minmay_chambers_of_fours, layout_layer_cave, uniq_blork_the_orc,
          uniq_pikel
D:5:      layout_cave_pools, serial_shops, nicolae_shop_window_shopping,
          uniq_grinder, uniq_menkaure
D:6:      layout_cave_pools, tgw_xom, minmay_temple_entry_glassed_door
D:7:      layout_basic, gup_ossuary_entry_pyramid, uniq_maggie
D:8:      layout_basic, minmay_statues_item
D:9:      layout_loops_corners, due_lair_maze_entry_diamond,
          chequers_serial_rivers_micro_a
D:10:     layout_roguey, enter_trove_6
Temple:   mainiacjoe_temple_trianglar_array

Notes
Turn   | Place    | Note
-------+----------+-------------------------------------------
     0 | D:1      | mortz the Human Conjurer began the quest for the Orb.
     0 | D:1      | Reached XP level 1. HP: 13/13 MP: 3/3
     0 | D:1      | magus.rc [v1.9.6]
   314 | D:1      | Found a faded altar of an unknown god.
   367 | D:1      | Reached XP level 2. HP: 19/19 MP: 1/5
   413 | D:1      | Learned a level 2 spell: Searing Ray
   811 | D:1      | Reached XP level 3. HP: 24/24 MP: 4/6
  1557 | D:2      | Reached skill level 1 in Short Blades
  1716 | D:2      | Found an ancient bone altar of Kikubaaqudgha.
  1885 | D:2      | Reached XP level 4. HP: 31/31 MP: 3/7
  2231 | D:2      | Reached skill level 5 in Conjurations
  2280 | D:2      | Reached XP level 5. HP: 36/36 MP: 4/8
  2623 | D:3      | You fall into a shaft and drop 1 floor!
  3029 | D:4      | Noticed a phantom
  3037 | D:3      | Reached skill level 2 in Short Blades
  3045 | D:3      | Reached XP level 6. HP: 23/42 MP: 1/10
  3142 | D:3      | Reached skill level 1 in Fighting
  3142 | D:3      | Reached skill level 3 in Spellcasting
  3856 | D:4      | Noticed Blork the orc
  3865 | D:4      | Killed Blork the orc
  3866 | D:4      | Reached skill level 3 in Stealth
  4094 | D:4      | Noticed an ice beast
  4112 | D:4      | Killed an ice beast
  4113 | D:4      | Reached XP level 7. HP: 17/48 MP: 0/12
  5086 | D:4      | Noticed Pikel
  5103 | D:4      | Killed Pikel
  5104 | D:4      | Reached skill level 3 in Short Blades
  5104 | D:4      | Reached skill level 1 in Armour
  5104 | D:4      | Reached skill level 4 in Spellcasting
  5104 | D:4      | Reached skill level 6 in Conjurations
  5104 | D:4      | Reached XP level 8. HP: 22/55 MP: 1/14
  5376 | D:4      | Reached skill level 2 in Armour
  5534 | D:5      | Entered Level 5 of the Dungeon
  5549 | D:4      | Reached skill level 4 in Short Blades
  5549 | D:4      | Reached skill level 3 in Dodging
  5557 | D:4      | HP: 14/56 [poisoned by a water moccasin]
  6192 | D:5      | Reached skill level 2 in Fighting
  6433 | D:5      | Noticed Grinder
  6435 | D:5      | Found Doasecky's Jewellery Emporium.
  6435 | D:5      | Noticed Menkaure
  6479 | D:5      | Reached skill level 5 in Spellcasting
  6527 | D:5      | HP: 9/56 [??? (7)]
  6528 | D:5      | Killed Menkaure
  6529 | D:5      | Reached skill level 1 in Long Blades
  6529 | D:5      | Reached skill level 4 in Stealth
  6529 | D:5      | Reached skill level 7 in Conjurations
  6529 | D:5      | Reached XP level 9. HP: 10/61 MP: 11/16
  6831 | D:5      | Paralysed by Grinder for 2 turns
  6838 | D:5      | Paralysed by Grinder for 2 turns
  6841 | D:5      | Killed Grinder
  7316 | D:6      | Reached skill level 2 in Long Blades
  7685 | D:6      | Reached skill level 3 in Armour
  8226 | D:6      | Found a staircase to the Ecumenical Temple.
  8231 | Temple   | Entered the Ecumenical Temple
  8281 | Temple   | Became a worshipper of Vehumet
  8668 | D:6      | Found a shimmering altar of Xom.
  8908 | D:7      | Reached skill level 6 in Spellcasting
  8929 | D:7      | Reached skill level 3 in Fighting
  9008 | D:7      | Reached skill level 3 in Long Blades
  9717 | D:6      | Reached skill level 8 in Conjurations
  9717 | D:6      | Reached XP level 10. HP: 47/70 MP: 10/19
  9928 | D:7      | Noticed Maggie
  9933 | D:6      | Reached * piety under Vehumet
  9933 | D:6      | Offered knowledge of Sandblast by Vehumet.
  9938 | D:6      | Learned a level 3 spell: Dazzling Flash
 10083 | D:7      | Reached skill level 1 in Shields
 10524 | D:5      | Bought the ring of Pewnerrib {rPois Int+4} for 389 gold
                  | pieces
 10652 | D:7      | Killed Maggie
 11022 | D:7      | Reached skill level 7 in Spellcasting
 11055 | D:7      | Learned a level 4 spell: Iskenderun's Mystic Blast
 11390 | D:8      | Reached skill level 4 in Armour
 11473 | D:8      | Reached skill level 2 in Shields
 11671 | D:8      | Reached skill level 4 in Dodging
 11756 | D:8      | You pick up a book of Weapons and begin reading...
 11756 | D:8      | You add the spells Portal Projectile, Excruciating Wounds
                  | and Blade Hands to your library.
 12448 | D:9      | You pick up a book of Minor Magic and begin reading...
 12448 | D:9      | You add the spells Call Imp and Mephitic Cloud to your
                  | library.
 12453 | D:9      | Learned a level 3 spell: Mephitic Cloud
 12529 | D:9      | Reached skill level 9 in Conjurations
 12612 | D:9      | Found a staircase to the Lair.
 12953 | D:9      | Identified the +1 leather armour of the Hurricane {rCorr
                  | Int+4}
 13398 | D:10     | Entered Level 10 of the Dungeon
 13423 | D:10     | Noticed a skeletal warrior
 13632 | D:10     | Reached skill level 8 in Spellcasting
 13632 | D:10     | Reached XP level 11. HP: 61/75 MP: 11/23
 13966 | D:10     | HP: 17/75 [skeletal warrior[a death knight] (29)]
 14313 | D:10     | HP: 13/75 [something (9)]
 14314 | D:10     | HP: 1/75 [something (12)]
 14315 | D:10     | Slain by a vampire

Vanquished Creatures
  Pikel (D:4)
  Maggie (D:7)
  Grinder (D:5)
  A wyvern (D:8)
  A wraith (D:6)
  6 yaks
  2 steam dragons
  Menkaure (D:5)
  An acid dragon (D:10)
  4 water moccasins
  An ice beast (D:4)
  An orc warrior (D:6)
  A black bear (D:6)
  2 sky beasts (D:6)
  3 centaurs
  4 phantoms
  8 bullfrogs
  Blork the orc (D:4)
  A gnoll sergeant (D:7)
  3 scorpions
  11 killer bees
  5 orc priests
  2 centaur zombies
  A gnoll shaman (D:7)
  2 hounds (D:5)
  A bullfrog skeleton (D:4)
  8 orc wizards
  4 iguanas
  A mummy (D:7)
  A howler monkey zombie (D:9)
  13 gnolls
  3 adders
  A shadow imp (D:6)
  A white imp (D:5)
  An ufetubus (D:4)
  An adder zombie (D:5)
  An adder skeleton (D:3)
  2 worms (D:3)
  5 dart slugs
  33 orcs
  4 bats
  11 endoplasms
  5 giant cockroaches
  7 goblins
  6 hobgoblins
  5 quokkas
  9 ball pythons
  5 frilled lizards
  16 kobolds
  4 rats (D:2)
213 creatures vanquished.

Vanquished Creatures (others)
  A kobold brigand (D:7)
  45 fungi (D:9)
  28 plants (D:9)
74 creatures vanquished.

Grand Total: 287 creatures vanquished

Table legend:
 A = Non-vault XP
 B = Vault XP
 C = Vault XP percentage of total XP
 D = Non-vault monster count
 E = Vault monster count
 F = Vault count percentage of total count
                 A         B        C        D         E       F
            +---------+---------+-------+---------+---------+-------
      Total |    6261 |    2655 |  29.8 |     189 |      25 |  11.7
            +---------+---------+-------+---------+---------+-------
        D:1 |      49 |       0 |   0.0 |      23 |       0 |   0.0
        D:2 |      95 |       3 |   3.1 |      26 |       2 |   7.1
        D:3 |     207 |       0 |   0.0 |      21 |       0 |   0.0
        D:4 |     548 |     841 |  60.5 |      21 |       8 |  27.6
        D:5 |     399 |     444 |  52.7 |      20 |       2 |   9.1
        D:6 |    1161 |       6 |   0.5 |      24 |       2 |   7.7
        D:7 |     946 |     407 |  30.1 |      29 |       2 |   6.5
        D:8 |     858 |       0 |   0.0 |       9 |       0 |   0.0
        D:9 |     867 |     954 |  52.4 |      10 |       9 |  47.4
       D:10 |    1131 |       0 |   0.0 |       6 |       0 |   0.0
            +---------+---------+-------+---------+---------+-------

Illustrated notes

Table legend:
 A = Kills in this place as a percentage of kills in entire the game.
 B = Kills by you in this place as a percentage of kills by you in the entire game.
 C = Kills by friends in this place as a percentage of kills by friends in the entire game.
 D = Other kills in this place as a percentage of other kills in the entire game.
 E = Experience gained in this place as a percentage of experience gained in the entire game.
 F = Experience gained in this place divided by the number of levels of this place that you have seen.
                   A       B       C       D       E      F
               +-------+-------+-------+-------+-------+----------------------
         Total | 100.0 | 100.0 |   N/A | 100.0 | 100.0 | 810.5
       Dungeon | 100.0 | 100.0 |   N/A | 100.0 | 100.0 | 891.6
               +-------+-------+-------+-------+-------+----------------------

Table legend: (Time is in decaauts)
 A = Elapsed time spent in this place.
 B = Non-inter-level travel time spent in this place.
 C = Inter-level travel time spent in this place.
 D = Time resting spent in this place.
 E = Time spent auto-exploring this place.
 F = Levels seen in this place.
 G = Mean time per level.
                   A        B        C        D        E       F      G
               +--------+--------+--------+--------+--------+-----+--------+
         Total |  14358 |  13807 |    551 |   6424 |   5097 |  11 | 1305.3 |
       Dungeon |  14288 |  13755 |    533 |   6424 |   5051 |  10 | 1428.8 |
        Temple |     69 |     51 |     18 |      0 |     46 |   1 |   69.0 |
               +--------+--------+--------+--------+--------+-----+--------+

Top non-repeatable levels by time:
     D:4: 2727 daAuts
     D:6: 2506 daAuts
     D:9: 1655 daAuts
     D:1: 1468 daAuts
     D:5: 1225 daAuts
     D:2: 1155 daAuts
     D:8: 1111 daAuts
     D:3: 1043 daAuts
     D:7: 998 daAuts
    D:10: 394 daAuts
  Temple: 69 daAuts
